 Dungeon Sprint DCSS version 0.32-a0-433-g08bcfe7efd (webtiles) character file.

Game seed: 14024059368446338626

114 adelrune the Cudgeller (level 4, 0/44 HPs)
             Began as a Minotaur Fighter on Feb 22, 2024.
             Was an Initiate of Cheibriados.
             Slain by a troll (7 damage)
             ... in the Dungeon (Sprint IX: "|||||||||||||||||||||||||||||").
             The game lasted 00:01:14 (123 turns).

adelrune the Cudgeller (Minotaur Fighter)            Turns: 123, Time: 00:01:14

Health: 0/44       AC: 13    Str: 24    XL:     4   Next: 66%
Magic:  3/3        EV: 11    Int:  9    God:    Cheibriados [......]
Gold:   0          SH:  5    Dex: 10    Spells: 3/3 levels left

rFire   . . .        a - +0 flail
rCold   . . .        c - +0 buckler
rNeg    . . .        p - +1 chain mail
rPois   .            (helmet restricted)
rElec   .            n - +0 cloak
rCorr   .            o - +0 pair of gloves
SInv    .            (no boots)
Will    .....        (no amulet) Stlth
                     q - +2 ring of evasion
HPRegen 0.27/turn    r - +3 ring of intelligence
MPRegen 0.08/turn

%: no teleportation
@: very slow
A: horns 2, retaliatory headbutt
a: Renounce Religion


You were in the Dungeon.
You worshipped Cheibriados.
Cheibriados was noncommittal.
You visited 1 branch

Inventory:

Hand Weapons
 a - a +0 flail (weapon)
Armour
 b - a +0 scale mail
 c - a +0 buckler (worn)
 n - a +0 cloak (worn)
 o - a +0 pair of gloves (worn)
 p - a +1 chain mail (worn)
Jewellery
 q - a +2 ring of evasion (left hand)
 r - a +3 ring of intelligence (right hand)
Wands
 m - a wand of iceblast (10)
Scrolls
 j - 2 scrolls of blinking
 l - 2 scrolls of amnesia
Potions
 d - a potion of might
 e - 5 potions of curing
 f - 3 potions of heal wounds
 g - a potion of haste
 h - 4 potions of magic
 i - a potion of berserk rage
 k - a potion of invisibility


   Skills:
 + Level 5.8 Fighting
 * Level 6.9 Maces & Flails
 + Level 5.8 Armour
 + Level 3.8 Dodging
 + Level 5.7 Shields
 + Level 0.0 Invocations


You had 3 spell levels left.
You didn't know any spells.
Your spell library was empty.

Dungeon Overview and Level Annotations

Branches:
Dungeon (1/1)

Altars:
Cheibriados
Dithmenos
Elyvilon
Fedhas
Gozag
Hepliaklqana
Kikubaaqudgha
Makhleb
Nemelex Xobeh
Okawaru
Qazlal
Ru
Sif Muna
Trog
Uskayaw
Vehumet
Wu Jian
Xom
Yredelemnul
Zin
The Shining One
Beogh
Jiyva
Lugonu


Innate Abilities, Weirdness & Mutations

You have a pair of horns on your head.
You reflexively headbutt those who attack you in melee.


Message History

The troll is moderately wounded.
The shadow slips into darkness.
The shadow flickers and vanishes!
Deactivating autopickup; reactivate with Ctrl-A.
The troll bites you but does no damage. The troll barely misses you.
The troll claws you.
You hit the troll.
The troll is heavily wounded.
The troll misses you. The troll claws you but does no damage.
The troll closely misses you.
You hit the troll but do no damage.
The troll is moderately wounded.
The troll bites you. You block the troll's attack. The troll claws you!
The troll bites you. You block the troll's attack.
The troll closely misses you.
You hit the troll.
The troll is moderately wounded.
The troll barely misses you. You furiously retaliate!
You headbutt the troll! You block the troll's attack. x2
You barely miss the troll.
The troll is severely wounded.
The troll bites you. The troll claws you but does no damage.
The troll claws you!
You hit the troll.
The troll is severely wounded.
You block the troll's attack. The troll claws you!
* * * LOW HITPOINT WARNING * * *
The troll barely misses you.
You hit the troll but do no damage. You headbutt the troll!
The troll is almost dead.
The troll bites you but does no damage. You block the troll's attack.
The troll claws you but does no damage.
You hit the troll.
The troll is almost dead.
The troll completely misses you.
The troll claws you but does no damage. x2
You closely miss the troll.
The troll is almost dead.
The troll bites you!
You die...
Cheibriados appreciates the motionlessness of death.

▓.▓
▓.▓
▓)▓
▓.▓
▓.▓
▓.▓
▓.▓
▓.▓
▓@▓
▓T▓
▓9▓
▓o▓
▓y▓
▓y▓
▓.▓
▓.▓


You could see a troll, an orc warrior, a gargoyle and 2 killer bees.

Vanquished Creatures
  A howler monkey (D)
  2 jellies (D)
  A white imp (D)
  2 dart slugs (D)
  A goblin (D)
  A hobgoblin (D)
  A kobold (D)
  A rat (D)
10 creatures vanquished.

Notes
Turn   | Place    | Note
-------+----------+-------------------------------------------
     0 | D        | adelrune the Minotaur Fighter began the quest for the Orb.
     0 | D        | Reached XP level 1. HP: 19/19 MP: 0/0
     7 | D        | Reached skill level 3 in Maces & Flails
     7 | D        | Reached skill level 1 in Dodging
    18 | D        | Noticed a jelly
    18 | D        | Noticed a howler monkey
    18 | D        | Noticed a jelly
    20 | D        | Reached skill level 4 in Maces & Flails
    20 | D        | Reached XP level 2. HP: 28/28 MP: 1/1
    22 | D        | Reached skill level 5 in Maces & Flails
    22 | D        | Reached XP level 3. HP: 32/35 MP: 2/2
    27 | D        | Reached skill level 5 in Fighting
    27 | D        | Reached skill level 6 in Maces & Flails
    27 | D        | Reached skill level 5 in Armour
    27 | D        | Reached skill level 5 in Shields
    27 | D        | Reached XP level 4. HP: 40/42 MP: 3/3
    46 | D        | Found a roughly hewn altar of Beogh.
    46 | D        | Found a snail-covered altar of Cheibriados.
    46 | D        | Found a shadowy altar of Dithmenos.
    46 | D        | Found a white marble altar of Elyvilon.
    46 | D        | Found a blossoming altar of Fedhas.
    46 | D        | Found an opulent altar of Gozag.
    47 | D        | Found a hazy altar of Hepliaklqana.
    48 | D        | Found a viscous altar of Jiyva.
    49 | D        | Found an ancient bone altar of Kikubaaqudgha.
    50 | D        | Became a worshipper of Cheibriados the Contemplative
    51 | D        | Found a corrupted altar of Lugonu.
    52 | D        | Found a burning altar of Makhleb.
    53 | D        | Found a sparkling altar of Nemelex Xobeh.
    54 | D        | Found an iron altar of Okawaru.
    55 | D        | Found a stormy altar of Qazlal.
    56 | D        | Found a sacrificial altar of Ru.
    57 | D        | Found a shimmering blue altar of Sif Muna.
    58 | D        | Found a bloodstained altar of Trog.
    59 | D        | Found a hide-covered altar of Uskayaw.
    60 | D        | Found a radiant altar of Vehumet.
    61 | D        | Found an ornate altar of the Wu Jian Council.
    62 | D        | Found a shimmering altar of Xom.
    63 | D        | Found a basalt altar of Yredelemnul.
    64 | D        | Found a glowing silver altar of Zin.
    65 | D        | Found a glowing golden altar of the Shining One.
   114 | D        | Noticed a troll
   114 | D        | Noticed a gargoyle
   114 | D        | Noticed an orc warrior
   114 | D        | Noticed a shadow
   123 | D        | Slain by a troll

Illustrated notes

Levels and vault maps discovered:
D:        linesprint [early_d, line_temple, items_1, d_10, items_2, lair_1,
          lair_end, items_3, orc_1, orc_end, items_4, d_15, swamp_1, shoals_1,
          snake_1, spider_1, d_20, vaults_1, items_5, swamp_end, shoals_end,
          snake_end, spider_end, vaults_end, d_27, items_6, zot_1, zot_end,
          crypt_end, forest_end, elf_end, slime_end, tomb_end, abyss_end,
          pan_hell_end]

Skill      XL: |  1  2  3 |
---------------+----------+-----
Maces & Flails | 4 5 6 |  6.9
Armour         | 4 5 |  5.8
Dodging        | 1 2 3 |  3.8
Fighting       | 4 5 |  5.8
Shields        | 4 5 |  5.7

Action                     |  1- 3 |  4- 6 || total
---------------------------+-------+-------++-------
  Melee: Flail             |    14 |    12 ||    26
         Headbutt          |     2 |     3 ||     5
 Armour: Scale mail        |     6 |       ||     6
         Chain mail        |       |    15 ||    15
  Dodge: Dodged            |     3 |     8 ||    11
  Block: Buckler           |     2 |     6 ||     8

Table legend: (Time is in decaauts)
 A = Elapsed time spent in this place.
 B = Non-inter-level travel time spent in this place.
 C = Inter-level travel time spent in this place.
 D = Time resting spent in this place.
 E = Time spent auto-exploring this place.
 F = Levels seen in this place.
 G = Mean time per level.
                   A        B        C        D        E       F      G
               +--------+--------+--------+--------+--------+-----+--------+
         Total |    135 |    135 |      0 |     10 |      0 |   1 |  135.0 |
       Dungeon |    135 |    135 |      0 |     10 |      0 |   1 |  135.0 |
               +--------+--------+--------+--------+--------+-----+--------+

Top non-repeatable levels by time:
       D: 135 daAuts
